 Dungeon Crawl Stone Soup version 0.27.1-33-g824d729ab1 (webtiles) character file.

Game seed: 6490457564595793023

3082 pkoi the Grappler (level 9, -13/70 HPs)
             Began as a White Draconian Monk on Nov 28, 2021.
             Was an Initiate of Gozag.
             Mangled by a two-headed ogre (25 damage)
             ... on level 7 of the Dungeon.
             The game lasted 00:13:30 (9239 turns).

pkoi the Grappler (White Draconian Monk)            Turns: 9239, Time: 00:13:31

Health: -13/70     AC: 14    Str: 15    XL:     9   Next: 58%
Magic:  9/9        EV: 12    Int: 19    God:    Gozag
Gold:   905        SH:  0    Dex: 13    Spells: 6/8 levels left

rFire    . . .     SeeInvis .     - Unarmed
rCold    + . .     Faith    .   (no shield)
rNeg     . . .     Spirit   .   (armour unavailable)
rPois    .         Reflect  .   (helmet restricted)
rElec    .         Harm     .   b - scarf {shadows}
rCorr    .         Rampage  .   h - +0 pair of gloves
Will     .....                  e - +1 pair of boots
Stlth    ++........             B - amulet of regeneration
HPRegen  1.21/turn              a - +4 ring of protection
MPRegen  0.11/turn              A - +6 ring of intelligence

@: short of breath
A: breathe frost, AC +7, unfitting armour, cold resistance 1, cold-blooded
a: Breathe Frost, Renounce Religion, Potion Petition, Call Merchant, Bribe
Branch


You were on level 7 of the Dungeon.
You worshipped Gozag.
Gozag was pleased with you.
You visited 2 branches of the dungeon, and saw 9 of its levels.
You also visited: Ossuary.

You collected 1359 gold pieces.
You spent 190 gold pieces at shops.
You paid 264 gold pieces to Gozag.

Inventory:

Hand Weapons
 u - a +1 dagger of venom
Missiles
 p - 35 poisoned darts
 D - a throwing net
Armour
 b - a scarf of shadows (worn)
 e - a +1 pair of boots (worn)
 h - a +0 pair of gloves (worn)
 F - the +0 pair of boots of Sif Muna's Inspiration {*Corrode +Blink rPois Regen+ Dex+4}
   (You found it on level 7 of the Dungeon)

   Dex:       It affects your dexterity (+4).
   rPois:     It protects you from poison.
   +Blink:    It lets you blink.
   Regen:     It increases your rate of health regeneration.
   *Corrode:  It may corrode you when you take damage.
Jewellery
 a - a +4 ring of protection (left hand)
 k - an amulet of magic regeneration
 y - a ring of flight
 A - a +6 ring of intelligence (right hand)
 B - an amulet of regeneration (around neck)
Wands
 l - a wand of flame (10) (quivered)
 q - a wand of digging (5)
 t - a wand of charming (7)
Scrolls
 r - a scroll of holy word
 w - a scroll of fear
 x - 2 scrolls of enchant weapon
 z - 2 scrolls of teleportation
 E - a scroll of noise {unknown}
Potions
 c - 3 potions of might
 d - a potion of haste
 f - a potion of cancellation
 g - 3 potions of ambrosia {unknown}
 i - 3 potions of brilliance
 j - 3 potions of berserk rage
 m - a potion of resistance
 n - 4 potions of heal wounds
 o - 5 potions of curing
 s - 2 potions of magic
 v - a potion of mutation {unknown}
 C - a potion of flight {unknown}


   Skills:
 - Level 3.2 Fighting
 + Level 2.6 Dodging
 - Level 2.0 Stealth
 + Level 12.7 Unarmed Combat
 + Level 0.0 Spellcasting
 + Level 0.0 Hexes
 + Level 0.0 Ice Magic
 - Level 4.0 Evocations


You had 6 spell levels left.
You knew the following spells:

 Your Spells              Type           Power      Damage    Failure   Level
a - Ensorcelled Hibernat  Hex/Ice        0%         N/A       30%         2

Your spell library contained the following spells:

 Spells                   Type           Power      Damage    Failure   Level
 Corona                   Hex            0%         N/A       21%         1
 Tukima's Dance           Hex            0%         N/A       52%         3
 Fulminant Prism          Conj/Hex       0%         3d6       90%         4
 Iskenderun's Mystic Bla  Conj/Tloc      0%         2d3       90%         4
 Lee's Rapid Deconstruct  Erth           0%         3d5*      99%         5


Dungeon Overview and Level Annotations

Branches:
Dungeon (8/15)             Temple (1/1) D:7         Ossuary (visited)
   Lair: D:8-11

Altars:
Ashenzari
Cheibriados
Dithmenos
Elyvilon
Fedhas
Gozag
Hepliaklqana
Kikubaaqudgha
Makhleb
Nemelex Xobeh
Okawaru
Qazlal
Ru
Sif Muna
Trog
Uskayaw
Wu Jian
Xom
Yredelemnul
Zin
The Shining One

Shops:
D:4 !


Innate Abilities, Weirdness & Mutations

You can breathe waves of freezing cold which knock back foes.
Your icy white scales are hard. (AC +7)
You cannot fit into any form of body armour.
Your flesh is cold resistant. (rC+)
You are cold-blooded and may be slowed by cold attacks.


Message History

The two-headed ogre is lightly wounded.
The puff of flame hits the two-headed ogre!
The two-headed ogre is moderately wounded.
The puff of flame hits the two-headed ogre.
The two-headed ogre is heavily wounded.
The two-headed ogre hits you with a +0 giant club!
The two-headed ogre hits you with a +0 giant spiked club!
You climb upwards.
There is a stone staircase leading down here.
Press: ? - help, Shift-Dir - straight line, f - two-headed ogre
Aim: a two-headed ogre, wielding a +0 giant club and a +0 giant spiked club (heavily wounded)
You exhale a wave of freezing cold.
The freezing breath hits the two-headed ogre!
The two-headed ogre is heavily wounded.
The two-headed ogre is blown backwards by the freezing wind.
You are too injured to fight recklessly!
Aiming: Throw Flame
Press: ? - help, Q - select action, (/) - cycle Shift-Dir - straight line, f/p - two-headed ogre
Aim: a two-headed ogre, wielding a +0 giant club and a +0 giant spiked club (heavily wounded, 86% to hit)
The puff of flame hits the two-headed ogre.
The two-headed ogre is severely wounded.
You hit the two-headed ogre. You tail-slap the two-headed ogre.
The two-headed ogre is severely wounded.
The two-headed ogre hits you with a +0 giant club.
The two-headed ogre hits you with a +0 giant spiked club!!
* * * LOW HITPOINT WARNING * * *
You punch the two-headed ogre!
You tail-slap the two-headed ogre, but do no damage.
The two-headed ogre is almost dead.
You hit the two-headed ogre. You punch the two-headed ogre.
The two-headed ogre is almost dead.
The two-headed ogre barely misses you.
The two-headed ogre hits you with a +0 giant spiked club!
* * * LOW HITPOINT WARNING * * *
You barely miss the two-headed ogre.
The two-headed ogre is almost dead.
The two-headed ogre misses you.
The two-headed ogre hits you with a +0 giant spiked club!!
You die...
Your body crumbles into a pile of gold.

##### ### #### ### ###
#...###
#.####..####.#####.###
......#
#.......@O...........#
......#
##...............#####
......#
#.........#[[.###
......# ##......###.###
.....## #....#####..#
.....#######).## ##.##
.........###.)[###..#
###
#...............#...##
###..
##..#####............###
##....


You could see a two-headed ogre.

Vanquished Creatures
  Harold (D:7)
  A steam dragon (D:7)
  An orc warrior (D:8)
  2 necrophages
  A black bear (D:5)
  3 ogres
  2 centaurs
  A kobold brigand (D:8)
  2 bullfrogs
  5 wights (D:7)
  A howler monkey (D:6)
  2 bullfrog zombies
  3 hounds
  3 centaur zombies
  2 orc priests
  3 jellies
  A gnoll shaman (D:7)
  2 bullfrog skeletons
  2 iguanas
  7 orc wizards
  A killer bee zombie (D:6)
  A hound skeleton (D:5)
  9 mummies
  7 gnolls
  An adder (D:6)
  A white imp (D:6)
  2 ufetubi
  5 worms
  3 dart slugs
  17 orcs
  4 bats (D:1)
  9 endoplasms
  3 giant cockroaches
  2 gnoll zombies (Ossuary)
  4 goblins (D:1)
  7 hobgoblins
  8 kobolds
  6 quokkas
  3 ball pythons
  4 frilled lizards (D:1)
  A goblin zombie (D:5)
  3 hobgoblin zombies
  A jackal skeleton (D:4)
  2 kobold zombies (Ossuary)
  2 orc zombies (Ossuary)
  4 rats (D:1)
155 creatures vanquished.

Vanquished Creatures (others)
  An orc wizard (D:6)
  A plant (D:3)
2 creatures vanquished.

Grand Total: 157 creatures vanquished

Notes
Turn   | Place    | Note
-------+----------+-------------------------------------------
     0 | D:1      | pkoi the Draconian Monk began the quest for the Orb.
     0 | D:1      | Reached XP level 1. HP: 19/19 MP: 1/1
   347 | D:1      | Reached XP level 2. HP: 26/26 MP: 2/2
   588 | D:1      | Reached skill level 4 in Unarmed Combat
   676 | D:1      | Reached XP level 3. HP: 31/31 MP: 3/3
  1565 | D:2      | Noticed an ogre
  1892 | D:2      | Found a faded altar of an unknown god.
  2350 | D:3      | Found an opulent altar of Gozag.
  2371 | D:3      | Became a worshipper of Gozag Ym Sagoz the Greedy
  2517 | D:3      | Reached XP level 4. HP: 38/38 MP: 4/4
  2865 | D:4      | Reached skill level 5 in Unarmed Combat
  2975 | D:4      | Noticed a bullfrog
  2995 | D:4      | Found Gelom's Distillery.
  3013 | D:3      | Killed a bullfrog
  3014 | D:3      | Reached skill level 1 in Evocations
  3014 | D:3      | Reached XP level 5. HP: 39/45 MP: 5/5
  3051 | D:4      | Bought a potion of resistance for 100 gold pieces
  3051 | D:4      | Bought a potion of degeneration for 10 gold pieces
  3051 | D:4      | Bought a potion of curing for 30 gold pieces
  3068 | D:4      | Bought a potion of heal wounds for 50 gold pieces
  3184 | D:4      | Noticed a necrophage
  3203 | D:4      | Killed a necrophage
  3580 | D:4      | Reached XP level 6. HP: 22/51 MP: 6/6
  3764 | D:4      | Reached skill level 6 in Unarmed Combat
  4394 | D:5      | Entered Level 5 of the Dungeon
  4464 | D:5      | Found a sand-covered staircase.
  4475 | Ossuary  | Entered an ossuary
  5211 | D:5      | Found a sacrificial altar of Ru.
  5407 | D:5      | Your scales start taking on an icy white colour.
  5407 | D:5      | Reached XP level 7. HP: 54/57 MP: 7/7
  5407 | D:5      | Gained mutation: Your flesh is cold resistant. (rC+) [White
                  | Draconian growth]
  5418 | D:5      | Reached skill level 7 in Unarmed Combat
  6003 | D:5      | Reached skill level 8 in Unarmed Combat
  6019 | D:5      | Found a glowing silver altar of Zin.
  6590 | D:6      | Reached XP level 8. HP: 63/63 MP: 8/8
  6694 | D:6      | Reached skill level 9 in Unarmed Combat
  6727 | D:6      | Found a sparkling altar of Nemelex Xobeh.
  7470 | D:7      | Noticed Harold
  7481 | D:7      | Killed Harold
  7482 | D:7      | Reached skill level 11 in Unarmed Combat
  7482 | D:7      | Reached XP level 9. HP: 60/70 MP: 9/9
  7699 | D:7      | Found a staircase to the Ecumenical Temple.
  7751 | Temple   | Entered the Ecumenical Temple
  8426 | D:7      | Identified the +0 pair of boots of Sif Muna's Inspiration
                  | {*Corrode +Blink rPois Regen+ Dex+4}
  8554 | D:7      | Reached skill level 12 in Unarmed Combat
  8594 | D:7      | Found a snail-covered altar of Cheibriados.
  9166 | D:8      | Noticed a gargoyle
  9166 | D:8      | Noticed a two-headed ogre
  9227 | D:7      | Learned a level 2 spell: Ensorcelled Hibernation
  9228 | D:8      | Noticed a two-headed ogre
  9239 | D:7      | Mangled by a two-headed ogre

Illustrated notes

Levels and vault maps discovered:
D:1:      wander_arrival_lonely_grave, layout_basic, corner_web_ring,
          minmay_misc_feat_more_columns, serial_bayou_pond_e,
          chequers_serial_rivers_micro_a, st_stairs_12, minmay_hedge_maze,
          bh_walls_and_bars
D:2:      layout_rooms, chequers_ecumenical_altar_grove
D:3:      layout_loops_ring, mainiacjoe_overflow_chevrons, serial_bayou_pond_a,
          hangedman_decor_clover_reticule
D:4:      layout_cave_pods, serial_shops, shop
D:5:      layout_basic, mainiacjoe_overflow_brackets, marbit_many_paths,
          nicolae_ossuary_entry_giza, minmay_misc_feat_enclosed
D:6:      layout_loops_ring, nemelex_diamond_rough_becter,
          minmay_a_box_with_orc_wizards_in_it
D:7:      layout_cave_pods, slow_altar_2, temple_statues, uniq_harold
D:8:      minmay_the_grid_plus [minmay_the_grid_outer_circle,
          minmay_the_grid_tree, minmay_the_grid_minigrid_large,
          minmay_the_grid_dragon_a, minmay_the_grid_prize_four_corners],
          layout_rooms, minmay_lair_entry_grove
Temple:   lightli_temple_of_artemis

Skill      XL: |  1  2  3  4  5  6  7  8  9 |
---------------+----------------------------+-----
Unarmed Combat | 4 5 6 8 11 12 | 12.7
Stealth        | 2 |  2.0
Evocations     | 1 2 4 |  4.0
Fighting       | |  3.2
Dodging        | |  2.6

Action                   |  1- 3 |  4- 6 |  7- 9 || total
-------------------------+-------+-------+-------++-------
Melee: Unarmed           |   163 |   211 |   264 ||   638
       Tailslap          |    24 |    33 |    35 ||    92
       Punch             |     1 |     6 |    15 ||    22
Invok: Potion Petition   |       |       |     1 ||     1
 Abil: Breathe Frost     |       |       |     5 ||     5
Evoke: Wand              |       |       |     4 ||     4
  Use: Scroll            |     3 |     6 |     7 ||    16
       Potion            |       |       |     1 ||     1
 Stab: Sleeping          |    13 |     4 |     1 ||    18
       Distracted        |       |       |     2 ||     2
Armor: Skin              |    53 |    50 |    98 ||   201
Dodge: Dodged            |    82 |    99 |   145 ||   326
